Map: Orbital Shipyard

Players

LilDicky

  • Race: Terran Terran
  • League: Diamond

dMR - Winner!

  • Race: Terran Terran

VOD

http://www.twitch.tv/tumescentpie

Description

Time

  • Played on: Dec. 10, 2015, 11:52 a.m.
  • Length: 10:12
Show
View Real Time Build Order
Export as new Build Order

LilDicky Terran 

Build Orders:  

Get SALT Encoding   

  12  0:02  SCV  
  13  0:14  SCV  
  13  0:19  Supply Depot  
  14  0:26  SCV  
  15  0:37  Refinery  
  15  0:40  SCV  
  16  0:45  Barracks  
  16  0:52  SCV  
  17  1:05  SCV  
  18  1:17  SCV  
  19  1:26  Command Center  
  19  1:36  Barracks  
  19  1:38  SCV  
  20  2:00  SCV  
  21  2:13  SCV  
  22  2:24  Supply Depot, Marine  
  22  2:29  Factory  
  23  2:30  Orbital Command  
  23  2:31  Refinery  
  23  2:37  Orbital Command  
  23  2:45  Marine  
  24  2:59  SCV  
  24  3:03  Marine  
  26  3:09  SCV  
  27  3:16  Factory Tech Lab  
  27  3:17  Starport  
  27  3:21  SCV, Marine  
  27  3:23  SCV  
  30  3:33  Engineering Bay  
  30  3:34  SCV, Siege Tank  
  34  3:37  SCV  
  34  3:38  Marine  
  36  3:55  Starport Tech Lab  
  36  3:58  SCV  
  36  4:02  Refinery  
  37  4:05  Marine  
  37  4:06  Siege Tank  
  37  4:08  SCV  
  42  4:10  Refinery  
  42  4:13  SCV  
  46  4:21  Viking  
  45  4:46  Supply Depot  
  45  4:49  Cloaking Field  
  41  5:07  Banshee, Widow Mine  
  37  5:46  SCV  
  38  5:50  Command Center  
  38  5:53  Command Center  
  38  5:59  Siege Tank  
  38  6:12  SCV  
  38  6:17  Viking  
  37  6:19  Supply Depot  
  32  6:32  Command Center  
  32  6:45  Cyclone  
  35  6:55  Orbital Command  
  35  7:03  Missile Turret  
  35  7:08  Viking  
  37  7:16  Barracks  
  37  7:18  Barracks  
  37  7:33  Siege Tank  
  37  7:41  Barracks  
  37  7:42  Barracks  
  37  7:43  Barracks x2  
  37  7:49  Barracks  
  37  7:53  Starport Reactor  
  37  7:55  Planetary Fortress  
  37  8:03  SCV  
  38  8:20  Orbital Command  
  40  8:27  SCV  
  40  8:28  Marine  
  40  8:32  Barracks Tech Lab  
  40  8:33  Barracks Reactor  
  41  8:34  Barracks Tech Lab  
  41  8:37  Barracks Reactor  
  41  8:38  Barracks Reactor  
  40  8:44  Marine  
  40  8:46  SCV x5  
  46  8:58  SCV x3, Planetary Fortress  
  49  9:06  Missile Turret  
  49  9:15  SCV x2, Marine x3  
  54  9:18  Marine x2  
  54  9:20  Medivac x2  
  60  9:28  SCV x2  
  60  9:29  SCV  
  60  9:30  Refinery x2  
  63  9:38  Missile Turret, Marine x3  
  63  9:39  Missile Turret, Marine x7  
  63  9:43  Armory  
  73  9:50  Engineering Bay  
  73  9:57  Supply Depot  
  80  10:06  Sensor Tower  
Show
View Real Time Build Order
Export as new Build Order

dMR Terran - Winner!

Build Orders: 1/1/1, Liberator Opening 

Get SALT Encoding   

  12  0:01  SCV  
  13  0:13  SCV  
  14  0:17  Supply Depot  
  14  0:25  SCV  
  15  0:38  Refinery  
  15  0:39  SCV  
  16  0:45  Barracks  
  16  0:51  SCV  
  17  1:03  SCV  
  18  1:18  SCV  
  19  1:33  Marine, Orbital Command  
  20  1:40  Factory  
  20  1:45  Refinery  
  20  1:51  Marine  
  21  1:56  Supply Depot  
  21  1:59  SCV  
  22  2:11  SCV  
  23  2:17  Marine  
  24  2:25  Starport  
  24  2:27  Factory Reactor  
  24  2:34  SCV  
  24  2:35  Marine  
  26  2:38  Supply Depot  
  26  2:53  Marine  
  26  2:55  Command Center  
  26  2:56  SCV, Liberator  
  28  3:10  Marine  
  28  3:12  Factory Tech Lab  
  32  3:21  SCV  
  33  3:32  Siege Tank  
  36  3:37  SCV  
  36  3:38  Marine  
  38  3:45  Barracks  
  38  3:52  Barracks  
  38  4:01  Supply Depot  
  38  4:02  Supply Depot  
  38  4:20  Siege Tank  
  38  4:21  Viking  
  43  4:25  SCV, Orbital Command  
  44  4:38  SCV  
  45  4:39  Barracks Tech Lab  
  45  4:40  Marine x2  
  47  4:47  Supply Depot  
  47  4:52  Viking  
  49  5:09  Viking  
  45  5:23  Marine  
  45  5:24  Marine x2  
  45  5:36  Siege Tank  
  45  5:41  Marine  
  49  5:50  Refinery  
  49  5:52  Refinery  
  43  6:05  Marine x3  
  45  6:22  SCV x2  
  45  6:23  Marine  
  53  6:34  Marine x2  
  53  6:37  SCV x2  
  57  6:42  Engineering Bay  
  46  7:07  Marine x3  
  49  7:17  SCV x2  
  49  7:19  Factory  
  49  7:20  Missile Turret  
  49  7:22  Missile Turret  
  51  7:39  Marauder, Marine x2  
  51  7:42  Stimpack  
  55  7:46  Command Center  
  55  7:50  SCV x2  
  55  7:51  Terran Infantry Weapons Level 1  
  57  7:59  Supply Depot  
  57  8:01  Barracks Reactor  
  57  8:06  Factory Tech Lab  
  57  8:08  Starport  
  57  8:09  SCV x2  
  57  8:11  Barracks Reactor  
  59  8:19  Marauder  
  61  8:22  Supply Depot  
  61  8:27  Siege Tank  
  61  8:30  SCV x2  
  66  8:39  Barracks  
  66  8:42  Barracks  
  66  8:45  Supply Depot, Medivac  
  66  8:47  Marine x4  
  72  8:50  SCV  
  72  8:51  SCV  
  72  8:54  Medivac  
  76  8:55  Marine  
  76  8:58  Factory Tech Lab  
  77  9:05  Orbital Command, Marine  
  77  9:07  Marine x3  
  81  9:13  Marine  
  82  9:18  Siege Tank  
  82  9:22  Marine  
  86  9:24  Orbital Command  
  86  9:25  Marine x2  
  86  9:30  Barracks Tech Lab  
  88  9:40  Starport Reactor x2  
  88  9:43  Marauder, Marine x3  
  93  9:48  SCV x2  
  93  9:49  Missile Turret x2  
  93  9:51  Marine x2  
  97  9:54  SCV  
Tags
 
Add a new tag
Caveats
  • Supply blocks, unpowered buildings, or Contaminate may cause inaccurate times.
  • Supply counts are checked every 10 seconds.